 Dungeon Crawl Stone Soup version 0.27.1-1-g398f81649c (webtiles) character file.

Game seed: 10002755445301613751

1705 Descartes the Grappler (level 8, -1/74 HPs)
             Began as a Troll Delver on Sept 8, 2021.
             Slain by a boulder beetle (17 damage)
             ... on level 7 of the Dungeon.
             The game lasted 00:08:09 (5914 turns).

Descartes the Grappler (Troll Delver)               Turns: 5914, Time: 00:08:10

Health: -1/74      AC:  8    Str: 25    XL:     8   Next: 73%
Magic:  7/7        EV:  6    Int:  6    God:
Gold:   186        SH:  0    Dex: 13    Spells: 7/7 levels left

rFire    + + .     SeeInvis .     - Unarmed
rCold    + + .     Faith    .   (no shield)
rNeg     . . .     Spirit   .   v - +3 robe of Estuher {rElec rPois rF+ Str+4}
rPois    +         Reflect  .   (helmet restricted)
rElec    +         Harm     .   A - +0 cloak
rCorr    +         Rampage  .   (gloves unavailable)
Will     .....                  (boots unavailable)
Stlth    ++........             u - amulet of regeneration
HPRegen  2.22/turn              w - ring of protection from cold
MPRegen  0.10/turn              (no ring)

@: resistant, marked, attractive, held
A: large, unfitting armour, claws 3, regeneration 1, shaggy fur 1, tough skin 1
a: no special abilities


You were on level 7 of the Dungeon.
You visited 2 branches of the dungeon, and saw 8 of its levels.

You collected 317 gold pieces.
You spent 131 gold pieces at shops.

Inventory:

Hand Weapons
 i - a +1 hand axe of electrocution
 B - the +8 lance "Wyrmbane" {slay drac, rPois rF+ rC+ AC+3}
   (You found it on level 6 of the Dungeon)

   It inflicts extra damage against dragons and draconians.
   AC:        It affects your AC (+3).
   rF:        It protects you from fire.
   rC:        It protects you from cold.
   rPois:     It protects you from poison.
Missiles
 n - 11 large rocks (quivered)
 q - 9 boomerangs
 x - 32 poisoned darts
Armour
 v - the +3 robe of Estuher (worn) {rElec rPois rF+ Str+4}
   (You bought it in a shop on level 2 of the Dungeon)

   Str:       It affects your strength (+4).
   rF:        It protects you from fire.
   rElec:     It insulates you from electricity.
   rPois:     It protects you from poison.
 A - a +0 cloak (worn)
Jewellery
 u - an amulet of regeneration (around neck)
 w - a ring of protection from cold (left claw)
Wands
 f - a wand of digging (6)
 j - a wand of paralysis (5)
 s - a wand of flame (16)
 C - a wand of iceblast (5)
Scrolls
 a - a scroll of blinking {unknown}
 b - 3 scrolls of fog
 c - a scroll of magic mapping
 d - a scroll of fear
 h - 2 scrolls of noise {unknown}
 k - 3 scrolls of enchant weapon {unknown}
 l - 3 scrolls of teleportation {unknown}
 m - a scroll of torment {unknown}
 o - a scroll of acquirement {unknown}
 p - 4 scrolls of amnesia {unknown}
 t - 7 scrolls of identify {unknown}
 y - a scroll of immolation {unknown}
Potions
 e - 2 potions of haste
 g - 2 potions of curing
 r - a potion of attraction


   Skills:
 - Level 2.4 Fighting
 + Level 0.0 Polearms
 + Level 6.8 Dodging
 - Level 2.7 Stealth
 + Level 8.2 Unarmed Combat


You had 7 spell levels left.
You didn't know any spells.
Your spell library contained the following spells:

 Spells                   Type           Power      Damage    Failure   Level
 Pain                     Necr           0%         1d4       45%         1
 Blink                    Tloc           N/A        N/A       58%         2
 Lesser Beckoning         Tloc           0%         N/A       83%         3
 Animate Dead             Necr           0%         N/A       99%         4
 Agony                    Necr           0%         N/A       100%        5
 Borgnjor's Vile Clutch   Necr/Erth      0%         N/A       100%        5
 Excruciating Wounds      Necr           0%         N/A       100%        5
 Manifold Assault         Tloc           0%         N/A       100%        5
 Death Channel            Necr           0%         N/A       100%        6


Dungeon Overview and Level Annotations

Branches:
Dungeon (7/15)             Temple (1/1) D:6

Altars:
Ashenzari
Cheibriados
Dithmenos
Elyvilon
Gozag
Hepliaklqana
Kikubaaqudgha
Makhleb
Nemelex Xobeh
Okawaru
Qazlal
Sif Muna
Trog
Uskayaw
Vehumet
Wu Jian
Xom
Yredelemnul
Zin

Shops:
D:2 [

Annotations:
D:4 2 transporters
D:7 Harold


Innate Abilities, Weirdness & Mutations

You are too large for most types of armour.
You have claws for hands.
Your natural rate of healing is unusually fast.
You are covered in fur. (AC +1)
You have tough skin. (AC +1)


Message History

You are too injured to fight recklessly!
You are too injured to fight recklessly!
You are too injured to fight recklessly!
You are too injured to fight recklessly!
You are too injured to fight recklessly!
You are too injured to fight recklessly!
You are too injured to fight recklessly!
You are too injured to fight recklessly!
You are too injured to fight recklessly!
You are too injured to fight recklessly!
You are too injured to fight recklessly!
You are too injured to fight recklessly!
You are too injured to fight recklessly!
You are too injured to fight recklessly!
You are too injured to fight recklessly!
Unknown command.
You struggle against the net.
The boulder beetle bites you but does no damage.
The orc wizard gestures at you while chanting.
You resist with some effort.
You struggle against the net.
The boulder beetle bites you!!
* * * LOW HITPOINT WARNING * * *
The orc wizard casts a spell at you. The magic dart hits you!
* * * LOW HITPOINT WARNING * * *
Harold points at you and mumbles some strange words.
A sentinel's mark forms upon you.
It was a potion of attraction.
You feel attractive to monsters. The boulder beetle bites you.
* * * LOW HITPOINT WARNING * * *
A shadow imp comes into view.
A phantom comes into view.
Harold is pulled toward you! The orc wizard is pulled toward you!
The phantom is pulled toward you! The shadow imp is pulled toward you!
It was a potion of resistance.
You feel protected. The orc wizard closely misses you.
A bullfrog zombie comes into view.
The boulder beetle bites you!
You die...

#
.........#..#.........#
.#
...##.###.....###.....
.. .#.##..............
#. ............#......
............# ###..
#............#... ..
...[...........#
......B....###.#
.......@.......#
.......@o...#...
....Z##.....# # #..?.
###W.5# .... ..... ....
..###? ... @.. # .?.#


You could see a boulder beetle, Harold, a phantom, an orc wizard, a shadow imp
and a bullfrog zombie.

Vanquished Creatures
  Eustachio (D:4)
  2 water moccasins
  An ice beast (D:5)
  2 black bears
  2 necrophages
  An ogre (D:4)
  A phantom (D:6)
  2 bullfrogs (D:6)
  A howler monkey (D:6)
  3 hounds
  A centaur zombie (D:5)
  A bullfrog zombie (D:5)
  A centaur skeleton (D:4)
  2 orc priests
  An iguana (D:4)
  An orc wizard (D:6)
  A hound skeleton (D:5)
  4 gnolls
  12 adders
  3 white imps (D:6)
  An ufetubus (D:6)
  3 adder skeletons
  2 worms (D:2)
  A dart slug (D:1)
  16 orcs
  5 bats
  10 endoplasms
  A giant cockroach (D:2)
  8 goblins
  6 hobgoblins
  3 jackals (D:5)
  5 quokkas
  13 ball pythons
  6 kobolds
  5 rats
128 creatures vanquished.

Notes
Turn   | Place    | Note
-------+----------+-------------------------------------------
     0 | D:5      | Descartes the Troll Delver began the quest for the Orb.
     0 | D:5      | Reached XP level 1. HP: 22/22 MP: 0/0
    21 | D:5      | Reached XP level 2. HP: 29/29 MP: 1/1
   273 | D:5      | Noticed an ice beast
   276 | D:5      | Reached skill level 3 in Unarmed Combat
   276 | D:5      | Reached XP level 3. HP: 21/36 MP: 2/2
   296 | D:5      | Killed an ice beast
   297 | D:5      | Reached XP level 4. HP: 15/44 MP: 3/3
   297 | D:5      | Reached XP level 5. HP: 17/50 MP: 4/4
   331 | D:5      | Noticed a black bear
   344 | D:5      | Reached skill level 4 in Unarmed Combat
   360 | D:5      | Killed a black bear
   439 | D:5      | Reached XP level 6. HP: 58/59 MP: 5/5
   920 | D:5      | Noticed a water moccasin
   927 | D:5      | Killed a water moccasin
   928 | D:5      | Reached skill level 5 in Unarmed Combat
  1164 | D:4      | Noticed Eustachio
  1309 | D:4      | Found a transporter.
  1382 | D:4      | Found a transporter.
  1515 | D:4      | Reached XP level 7. HP: 66/66 MP: 6/6
  1669 | D:4      | Reached skill level 6 in Unarmed Combat
  1702 | D:4      | Reached skill level 5 in Dodging
  1718 | D:4      | Found the +8 demon trident "Rift" {distort, reach+}
  2125 | D:3      | Found a stormy altar of Qazlal.
  2776 | D:2      | Found Peazedgh's Antique Armour Emporium.
  2783 | D:2      | Bought a heavily jewelled robe for 131 gold pieces
  2783 | D:2      | Identified the +3 robe of Estuher {rElec rPois rF+ Str+4}
                  | (You bought it in a shop on level 2 of the Dungeon)
  3953 | D:4      | Killed Eustachio
  4146 | D:4      | Found a transporter.
  4297 | D:4      | Found a transporter.
  4547 | D:6      | Reached XP level 8. HP: 74/74 MP: 7/7
  4613 | D:6      | Reached skill level 7 in Unarmed Combat
  5014 | D:6      | Found a staircase to the Ecumenical Temple.
  5035 | Temple   | Entered the Ecumenical Temple
  5575 | D:6      | Found the +8 lance "Wyrmbane" {slay drac, rPois rF+ rC+
                  | AC+3}
  5831 | D:7      | Reached skill level 8 in Unarmed Combat
  5905 | D:7      | Noticed a boulder beetle
  5906 | D:7      | Noticed Harold
  5914 | D:7      | Slain by a boulder beetle

Illustrated notes

Levels and vault maps discovered:
D:1:      shiori_shiawase, layout_rooms, minmay_misc_feat_more_columns,
          minmay_cupped
D:2:      cheibrodos_helix_gallery, layout_basic, serial_shops,
          nicolae_shop_stone, minmay_hexomino_f4
D:3:      layout_rooms, grunt_qazlal_sundering, minmay_between
D:4:      gammafunk_steamed_eel, layout_loops_ring, uniq_eustachio
D:5:      layout_basic
D:6:      layout_gridville, minmay_temple_entry_trees
D:7:      hangedman_cross_stitches, layout_cave_pools, minmay_shop_damaged,
          uniq_maggie, uniq_harold
Temple:   hc_temple_tempest_star

Skill      XL: |  1  2  3  4  5  6  7  8 |
---------------+-------------------------+-----
Dodging        | 2 3 4 5 6 |  6.8
Unarmed Combat | 3 4 5 6 8 |  8.2
Fighting       | |  2.4
Stealth        | |  2.7

Action                   |  1- 3 |  4- 6 |  7- 9 || total
-------------------------+-------+-------+-------++-------
Melee: Unarmed           |    42 |   106 |   260 ||   408
       Punch             |     1 |     2 |     3 ||     6
  Use: Potion            |       |     4 |     2 ||     6
 Stab: Sleeping          |       |     3 |    17 ||    20
Armor: Robe              |    19 |    32 |    82 ||   133
Dodge: Dodged            |    15 |    59 |   129 ||   203
